Map: Dynasty LE

Players

Oseguera - Winner!

  • Race: Zerg Zerg
  • Spawn Location: 1:00

donkaments

  • Race: Terran Terran
  • League: Silver
  • Spawn Location: 7:00

VOD

Have the link to the VOD?

Description

1 vs 1

Time

  • Played on: June 15, 2024, 10:58 a.m.
  • Length: 37:52
Show
View Real Time Build Order
Export as new Build Order

Oseguera Zerg - Winner!

Build Orders: Pool First 

Get SALT Encoding   

  12  0:06  Drone  
  13  0:26  Spawning Pool  
  12  0:29  Drone  
  12  0:30  Drone  
  14  1:02  Evolution Chamber  
  13  1:11  Extractor  
  12  1:19  Drone x2  
  12  1:23  Overlord  
  14  1:42  Drone  
  15  1:51  Overlord  
  15  2:08  Roach Warren  
  14  2:19  Zergling x6  
  17  2:43  Drone  
  18  2:47  Drone  
  19  3:26  Hatchery  
  18  3:32  Hatchery  
  18  3:33  Queen  
  19  3:44  Zergling x4  
  19  3:45  Zergling x2  
  22  4:02  Overlord  
  22  4:08  Queen  
  24  4:41  Drone x3  
  24  4:44  Queen  
  29  4:50  Drone  
  30  5:03  Drone  
  31  5:07  Drone x3  
  31  5:12  Drone x2  
  36  5:20  Queen  
  38  5:29  Extractor  
  37  5:40  Extractor  
  36  5:45  Drone x3  
  36  5:46  Extractor  
  38  5:55  Queen  
  40  6:07  Spore Crawler  
  39  6:13  Spine Crawler  
  39  6:16  Spine Crawler  
  37  6:21  Drone x3  
  40  6:50  Zergling x4  
  40  6:51  Zergling x2  
  43  6:57  Drone x2  
  43  6:58  Drone  
  46  7:04  Overlord x2  
  46  7:05  Overlord  
  46  7:22  Metabolic Boost  
  46  7:25  Zerg Melee Weapons Level 1  
  46  7:53  Baneling Nest  
  45  8:00  Pneumatized Carapace  
  45  8:04  Lair  
  45  8:17  Drone x3  
  48  8:39  Drone x2  
  48  8:40  Drone  
  52  9:02  Drone  
  52  9:03  Drone  
  53  9:11  Lair  
  53  9:15  Burrow  
  53  9:19  Zerg Missile Weapons Level 1  
  53  9:38  Hydralisk Den  
  52  9:46  Infestation Pit  
  52  9:51  Spire  
  50  9:57  Nydus Network  
  49  10:02  Drone x3  
  52  10:11  Drone x3  
  55  10:25  Neural Parasite  
  55  10:26  Glial Reconstitution  
  55  10:33  Centrifugal Hooks  
  55  10:51  Drone x3  
  58  11:04  Hydralisk x3  
  64  11:13  Zerg Ground Armor Level 1  
  64  11:22  Spine Crawler  
  63  11:25  Spine Crawler  
  63  11:32  Spore Crawler  
  61  11:37  Spore Crawler  
  60  11:45  Tunneling Claws  
  60  11:52  Hatchery  
  59  12:05  Hydralisk x3  
  65  12:10  Mutalisk  
  65  12:11  Mutalisk x2  
  71  12:23  Overlord x2  
  71  12:24  Overlord  
  71  13:07  Zerg Melee Weapons Level 2  
  71  13:19  Zerg Flyer Weapons Level 1  
  71  13:20  Lurker Den  
  70  13:29  Muscular Augments  
  70  13:33  Hive  
  70  13:35  Hive  
  70  13:39  Lair  
  70  13:56  Drone x3  
  70  13:59  Lair  
  73  14:07  Infestor  
  73  14:08  Infestor x2  
  79  14:33  Grooved Spines  
  79  14:36  Hatchery  
  78  14:48  Hatchery  
  78  14:52  Corruptor x3  
  79  14:59  Swarm Host  
  83  15:00  Swarm Host x2  
  92  15:10  Hive  
  92  15:13  Zerg Flyer Armor Level 1  
  92  15:23  Zerg Missile Weapons Level 2  
  92  15:25  Drone  
  92  15:26  Drone x2  
  95  16:34  Drone x3  
  95  16:39  Drone  
  100  16:40  Drone x2  
  101  17:05  Drone x3  
  104  17:09  Drone  
  104  17:10  Drone x2  
  107  17:27  Viper x3  
  116  17:34  Overlord x2  
  116  17:38  Zerg Ground Armor Level 2  
  116  18:19  Roach x3  
  122  18:37  Lair  
  122  18:52  Extractor  
  121  19:09  Hive  
  121  19:16  Extractor  
  120  19:17  Extractor  
  120  19:23  Drone x3  
  122  19:59  Drone x2  
  125  20:00  Drone  
  125  20:07  Drone x2  
  125  20:08  Drone  
  128  20:16  Zerg Flyer Weapons Level 2  
  128  20:20  Zerg Melee Weapons Level 3  
  128  20:25  Adrenal Glands  
  128  20:30  Adaptive Talons  
  128  20:44  Ultralisk Cavern  
  127  20:53  Drone  
  127  20:55  Hive  
  128  21:27  Seismic Spines  
  128  21:33  Chitinous Plating  
  128  21:42  Overlord x3  
  122  22:25  Drone x3  
  125  22:31  Zerg Flyer Armor Level 2  
  125  22:52  Anabolic Synthesis, Unknown, Spine Crawler  
  125  22:54  Spine Crawler  
  125  22:57  Zerg Missile Weapons Level 3  
  125  22:58  Spine Crawler  
  121  23:43  Hatchery  
  113  23:58  Drone x3  
  116  24:31  Drone x3  
  119  24:48  Spine Crawler  
  119  24:49  Spine Crawler  
  119  24:51  Spine Crawler  
  116  24:53  Drone x2  
  116  24:54  Drone  
  119  25:02  Drone  
  120  25:09  Extractor  
  119  25:18  Spore Crawler  
  119  25:20  Spore Crawler  
  117  25:22  Spore Crawler  
  113  25:34  Zerg Ground Armor Level 3  
  105  25:38  Drone, Extractor  
  105  25:39  Drone x2  
  107  25:52  Drone x2  
  107  25:53  Drone  
  110  26:00  Lair  
  110  26:24  Ultralisk x3  
  128  26:36  Zerg Flyer Weapons Level 3  
  108  26:59  Spine Crawler  
  108  27:01  Spine Crawler  
  93  27:02  Spine Crawler  
  86  27:12  Hydralisk x3  
  92  27:16  Hydralisk x2  
  92  27:17  Hydralisk  
  94  27:38  Drone x3  
  95  27:44  Hydralisk x2  
  96  27:57  Ultralisk  
  96  27:58  Ultralisk x2  
  111  28:05  Ultralisk x3  
  127  28:09  Lair  
  127  28:16  Swarm Host x3  
  127  28:49  Viper  
  127  28:52  Drone  
  127  28:54  Drone  
  132  29:13  Zerg Flyer Armor Level 3  
  117  29:35  Hatchery  
  113  29:39  Hatchery  
  105  29:54  Ultralisk x3  
  105  29:58  Ultralisk x3  
  136  30:06  Hydralisk x2  
  133  30:07  Hydralisk  
  133  30:19  Drone x3  
  133  30:45  Hatchery  
  132  30:59  Lair  
  132  31:02  Ultralisk x2  
  132  31:03  Ultralisk  
  150  31:06  Hydralisk  
  152  31:27  Mutalisk  
  152  31:28  Mutalisk x2  
  158  31:49  Drone  
  158  31:50  Drone x2  
  161  31:59  Unknown  
  160  32:11  Hydralisk x2  
  160  32:12  Hydralisk  
  172  32:15  Ultralisk  
  172  32:27  Drone x2  
  171  32:50  Greater Spire  
  171  33:11  Drone x3  
  174  33:21  Spine Crawler  
  174  33:23  Spine Crawler  
  174  33:25  Drone x2  
  174  33:28  Overlord  
  174  33:37  Hive  
  174  33:40  Hive  
  174  33:56  Spine Crawler  
  174  33:57  Spine Crawler  
  169  34:03  Drone x3  
  147  35:12  Hydralisk x2  
  147  35:13  Hydralisk  
  147  35:16  Hydralisk x3  
  147  35:32  Mutalisk x3  
  129  35:50  Roach x3  
  135  35:59  Spore Crawler  
  135  36:01  Spore Crawler  
  127  36:05  Spore Crawler  
  72  36:56  Ravager  
  72  36:58  Ravager  
  72  36:59  Ravager  
  75  37:09  Mutalisk  
  75  37:10  Mutalisk x2  
  81  37:18  Mutalisk  
  81  37:19  Mutalisk x2  
Show
View Real Time Build Order
Export as new Build Order

donkaments Terran 

Build Orders:  

Get SALT Encoding   

  12  0:00  SCV  
  13  0:13  Supply Depot  
  13  0:18  SCV  
  14  0:30  SCV  
  15  0:38  Barracks  
  15  0:42  SCV  
  16  0:51  Barracks  
  16  1:02  Barracks  
  16  1:14  Refinery x2  
  16  1:27  Orbital Command  
  16  1:49  Barracks Reactor  
  16  1:53  Barracks Tech Lab  
  16  2:00  Barracks Tech Lab  
  16  2:12  Concussive Shells  
  16  2:17  Ghost Academy  
  16  2:29  Engineering Bay  
  16  2:40  Factory  
  16  3:04  Ghost Academy  
  16  3:27  Factory Reactor  
  16  3:34  Nuke  
  16  3:35  Nuke  
  16  4:30  Starport  
  16  4:31  Starport x2  
  16  5:07  Starport Reactor  
  16  5:10  Starport Tech Lab x2  
  16  6:25  Factory  
  16  6:26  Factory  
  16  7:23  Factory Tech Lab  
  16  7:24  Factory Tech Lab  
  16  7:40  Armory  
  16  8:30  Fusion Core  
  16  9:31  Factory  
  16  9:41  Starport  
  16  9:43  Barracks  
  16  10:04  Command Center  
  16  10:17  Factory Tech Lab  
  16  10:20  Starport Tech Lab  
  16  10:30  Barracks Tech Lab  
  16  10:40  Caduceus Reactor  
  16  10:58  Hi-Sec Auto Tracking  
  16  11:08  Interference Matrix  
  16  11:20  Combat Shield  
  16  11:43  Infernal Pre-Igniter  
  16  12:05  Smart Servos  
  16  12:21  Drilling Claws  
  16  12:44  Cloaking Field  
  16  13:40  Advanced Ballistics  
  16  14:23  Personal Cloaking  
  16  14:58  Neosteel Armor  
  16  15:39  Refinery  
  16  15:53  Stimpack  
  16  16:44  Hurricane Engines  
  16  16:52  Hyperflight Rotors  
  16  18:20  Weapon Refit  
  16  19:10  Engineering Bay  
  16  19:34  Armory  
  16  19:58  Armory  
  16  20:19  Orbital Command  
  16  21:04  Terran Infantry Armor Level 1, Terran Infantry Weapons Level 1  
  16  21:07  Terran Vehicle Weapons Level 1, Terran Vehicle And Ship Armor Level 1  
  16  21:08  Terran Ship Weapons Level 1  
  16  21:13  Hellion  
  18  22:15  Thor  
  22  22:17  Hellbat x3  
  22  22:18  Hellbat  
  30  23:10  Terran Infantry Weapons Level 2, Terran Infantry Armor Level 2  
  30  23:12  Terran Vehicle Weapons Level 2, Terran Vehicle And Ship Armor Level 2  
  30  23:13  Terran Ship Weapons Level 2  
  30  23:22  Unknown  
  30  23:36  Orbital Command  
  30  23:46  Battlecruiser  
  30  23:52  Thor  
  30  23:53  Thor  
  34  24:03  Hellbat x3  
  40  24:18  Medivac x2  
  44  24:24  Hellbat  
  44  24:26  Supply Depot  
  46  24:48  Hellbat x4  
  54  24:55  Hellbat  
  50  25:09  Hellbat x4  
  58  25:14  Supply Depot  
  58  25:17  Hellbat  
  52  25:30  Hellbat x3  
  46  25:38  Hellbat  
  46  25:42  Medivac  
  50  25:45  Hellbat  
  52  25:52  Hellbat x3  
  58  25:59  Hellbat  
  60  26:06  Hellbat  
  62  26:33  Thor  
  68  26:41  Thor  
  68  26:46  Thor  
  48  27:48  Thor  
  52  28:03  Marauder x3  
  52  28:05  Marine x2  
  48  28:23  Marine x2  
  48  28:24  Marauder x3  
  44  28:41  Marine x2  
  44  28:45  Marauder, Medivac x2  
  44  28:46  Marauder x2  
  44  28:47  Medivac  
  52  28:53  Hellbat x5  
  52  28:55  Medivac x2  
  66  28:59  Marine x2  
  68  29:07  Marauder x3  
  74  29:16  Marine  
  74  29:17  Marine  
  76  29:28  Marauder x2  
  78  29:59  Marauder x3  
  66  30:08  Marine x2  
  66  30:11  Thor  
  56  30:20  Marine x2, Marauder  
  52  30:22  Hellbat x4  
  48  30:31  Medivac  
  50  30:43  Hellbat  
  52  30:50  Medivac  
  40  31:13  Viking  
  34  31:26  Orbital Command  
  30  31:44  Banshee x2  
  26  32:17  Banshee  
  29  32:26  Banshee  
  32  32:43  Orbital Command  
  32  32:52  Refinery  
  32  32:53  Refinery  
  32  33:27  Hellbat x3  
  32  33:28  Hellbat x2  
  42  34:04  Viking  
  30  34:32  Thor x2  
  36  35:41  Banshee x2  
  36  36:31  Orbital Command  
Tags
 
League
Silver
Matchup
TvZ
Opening
Pool First
Spawn Locations
Cross Positions
Add a new tag
Caveats
  • Supply blocks, unpowered buildings, or Contaminate may cause inaccurate times.
  • Supply counts are checked every 10 seconds.